 Dungeon Crawl Stone Soup version 0.28-a0-1236-gb25a51b929 (webtiles) character file.

Game seed: 9410620791931852935

78330 sanka the Blocker (level 15, -6/120 HPs)
             Began as a Gnoll Fighter on Dec 24, 2021.
             Was the Champion of Okawaru.
             Mangled by an orc knight (15 damage)
             ... on level 2 of the Orcish Mines on Dec 25, 2021.
             The game lasted 00:40:04 (18957 turns).

sanka the Blocker (Gnoll Fighter)                  Turns: 18957, Time: 00:40:05

Health: -6/120     AC: 32    Str: 23    XL:     15   Next: 59%
Magic:  29/29      EV: 10    Int: 13    God:    Okawaru [******]
Gold:   2001       SH: 12    Dex: 12    Spells: 33/34 levels left

rFire   . . .      SeeInvis .   a - +5 demon blade (elec)
rCold   + . .      Faith    .   I - +0 kite shield
rNeg    . . .      Spirit   .   T - +4 plate armour {rC+}
rPois   .          Reflect  .   o - +1 helmet
rElec   .          Harm     .   x - +0 cloak
rCorr   .          Rampage  +   k - +0 pair of gloves
Will    +....                   R - +2 pair of boots {rampage}
Stlth   ..........              t - amulet of regeneration
HPRegen 1.10/turn               C - +6 ring of strength
MPRegen 0.21/turn               K - +4 ring of protection

@: no status effects
A: fangs 1, strong nose, distributed training
a: Renounce Religion, Heroism, Finesse, Duel


You were on level 2 of the Orcish Mines.
You worshipped Okawaru.
Okawaru was exalted by your worship.
You visited 4 branches of the dungeon, and saw 20 of its levels.
You also visited: Gauntlet.

You collected 2001 gold pieces.


Innate Abilities, Weirdness & Mutations

You have very sharp teeth.
Your uncanny sense of smell can sniff out nearby items.
Your experience applies equally to all skills.


   Skills:
 + Level 12.1 Fighting
 + Level 10.2 Short Blades
 + Level 11.2 Long Blades
 + Level 10.2 Axes
 + Level 10.2 Maces & Flails
 + Level 10.2 Polearms
 + Level 10.2 Staves
 + Level 10.2 Slings
 + Level 10.2 Bows
 + Level 10.2 Crossbows
 + Level 10.2 Throwing
 + Level 12.1 Armour
 + Level 10.2 Dodging
 + Level 10.2 Stealth
 + Level 12.1 Shields
 + Level 10.2 Unarmed Combat
 + Level 10.2 Spellcasting
 + Level 8.6 Conjurations
 + Level 8.6 Hexes
 + Level 8.6 Summonings
 + Level 8.6 Necromancy
 + Level 8.6 Translocations
 + Level 8.6 Transmutations
 + Level 8.6 Fire Magic
 + Level 8.6 Ice Magic
 + Level 8.6 Air Magic
 + Level 8.6 Earth Magic
 + Level 8.6 Poison Magic
 + Level 11.1 Invocations
 + Level 10.2 Evocations


You had 33 spell levels left.
You knew the following spells:

 Your Spells              Type           Power      Damage    Failure   Level
e - Apportation           Tloc           58%        N/A       4%          1

Your spell library contained the following spells:

 Spells                   Type           Power      Damage    Failure   Level
 Pain                     Necr           100%       1d9       4%          1
 Ensorcelled Hibernation  Hex/Ice        58%        N/A       8%          2
 Ignite Poison            Fire/Tmut/Pois 29%        N/A       16%         3
 Mephitic Cloud           Conj/Pois/Air  29%        N/A       16%         3
 Portal Projectile        Hex/Tloc       58%        N/A       16%         3
 Spider Form              Tmut/Pois      29%        N/A       16%         3
 Vampiric Draining        Necr           29%        2d8       16%         3
 Leda's Liquefaction      Hex/Erth       14%        N/A       45%         4
 Freezing Cloud           Conj/Ice/Air   14%        6-21      80%         5
 Polar Vortex             Ice            14%        N/A       100%        9
 Animate Skeleton         Necr           Unusable   N/A       N/A         1
 Summon Small Mammal      Summ           Unusable   N/A       N/A         1
 Call Canine Familiar     Summ           Unusable   N/A       N/A         3
 Simulacrum               Ice/Necr       Unusable   N/A       N/A         6

Inventory:

Hand Weapons
 a - a +5 demon blade of electrocution (weapon)
 b - a +4 scimitar of flaming
 S - the +6 long sword of Irchuff {holy, rElec rF+ Int+4 Stlth+}

   It has been blessed by the Shining One to cause great damage to the undead
   and demons.
   Int:       It affects your intelligence (+4).
   rF:        It protects you from fire.
   rElec:     It insulates you from electricity.
   Stlth:     It makes you more stealthy.
Missiles
 h - 6 curare-tipped darts (quivered) {=f}
 B - 3 throwing nets {=f}
 O - 9 javelins
Armour
 k - a +0 pair of gloves (worn)
 o - a +1 helmet (worn)
 x - a +0 cloak (worn)
 I - a +0 kite shield (worn)
 R - a +2 pair of boots of rampaging (worn)
 T - a +4 plate armour of cold resistance (worn)
Jewellery
 s - a ring of poison resistance
 t - an amulet of regeneration (around neck)
 u - a ring of flight
 y - a ring of ice
 z - the amulet of the Four Winds {rN+ Will+++ Clar}

   [amulet of nothing]

   rN:        It protects you from negative energy.
   Clar:      It protects you against confusion.
   Will:      It greatly increases your willpower.
 C - a +6 ring of strength (left hand)
 K - a +4 ring of protection (right hand)
Wands
 q - a wand of iceblast (5)
 v - a wand of polymorph (12)
 F - a wand of digging (6)
 L - a wand of acid (4)
 W - a wand of paralysis (5)
Scrolls
 e - 5 scrolls of fog
 g - 2 scrolls of fear
 j - 3 scrolls of amnesia
 w - 9 scrolls of teleportation {@r4}
 E - 2 scrolls of blinking
 J - 3 scrolls of vulnerability {!r}
 Q - 2 scrolls of silence {!r}
 V - a scroll of enchant armour
 X - a scroll of identify {@r1}
 Y - 4 scrolls of immolation {!r}
Potions
 c - a potion of berserk rage {unknown}
 d - 4 potions of might
 f - a potion of brilliance {unknown}
 i - 4 potions of curing {@q1}
 l - 4 potions of heal wounds {unknown}
 m - 4 potions of flight {unknown}
 n - 5 potions of attraction {!q}
 r - 4 potions of magic {unknown}
 A - 4 potions of lignification {unknown}
 G - 8 potions of ambrosia
 H - 2 potions of mutation {unknown}
 M - a potion of haste {unknown}
 N - a potion of degeneration {unknown}
Miscellaneous
 p - a condenser vane

Dungeon Overview and Level Annotations

Branches:
Dungeon (11/15)            Temple (1/1) D:6            Lair (6/6) D:9
 Shoals (0/4) Lair:4       Spider (0/4) Lair:3        Slime (0/5) Lair:6
    Orc (2/2) D:9             Elf (0/3) Orc:2       Gauntlet (visited)

Altars:
Ashenzari
Cheibriados
Dithmenos
Elyvilon
Fedhas
Gozag
Hepliaklqana
Kikubaaqudgha
Makhleb
Nemelex Xobeh
Okawaru
Qazlal
Ru
Sif Muna
Trog
Uskayaw
Vehumet
Wu Jian
Xom
Yredelemnul
Zin
The Shining One
Beogh
Jiyva

Shops:
Orc:1 ( Orc:2

([ ▒▒▒▒▒..).▒.▒▒ ▒..▒▒
▒▒.....o.▒▒▒▒ ▒▒▒▒▒.▒▒▒
▒▒........)▒ ▒.....▒.▒
▒........)▒▒▒▒▒ ▒▒.......▒
.......o))))..▒▒▒........▒▒
....▒▒▒▒)▒▒▒▒.▒...........▒▒▒▒▒..
....▒▒.....▒▒..............▒.▒...
....▒.......▒.▒..............▒...
....▒.......▒..og............▒...
........_......))..▒.▒▒..........
....▒.......▒...o.▒▒.▒▒..........
....▒.......▒....<.▒▒▒▒..........
.>..▒▒.....▒▒......▒▒ ▒▒▒..)))...
....▒▒▒▒.▒▒▒▒.......▒▒▒▒.))..)...
.....................▒...))).)...
..<.....<.................)).▒...
.............▒...............▒...


You could see an orc knight and an orc wizard (strong).


Message History

The orc wizard closely misses you.
Things that are here:
a +0 dagger; a +0 robe; an orc corpse You block the orc priest's attack.
Unknown command.
You slash the orc priest! Your bite misses the orc priest.
The orc priest is severely wounded.
The orc priest mumbles some strange prayers to Beogh against you.
You resist with significant effort.
The orc knight hits you from afar with a +2 glaive!!
* * * LOW HITPOINT WARNING * * *
You hit the orc priest. Your bite misses the orc priest.
The orc priest is almost dead.
You block the orc wizard's attack. You block the orc priest's attack.
You slash the orc priest!
Lightning courses through the orc priest!
You kill the orc priest!
Okawaru accepts your kill.
The orc knight hits you from afar with a +2 glaive!
* * * LOW HITPOINT WARNING * * *
You closely miss the orc wizard. You block the orc knight's attack.
You block the orc wizard's attack.
Unknown command.
You barely miss the orc wizard.
The orc knight hits you from afar with a +2 glaive!
You die...

Action                   |  1- 3 |  4- 6 |  7- 9 | 10-12 | 13-15 || total
-------------------------+-------+-------+-------+-------+-------++-------
Melee: Long sword        |    72 |   189 |       |       |       ||   261
       Bite              |     4 |    18 |    18 |    63 |   164 ||   267
       Dire flail        |       |       |    62 |       |       ||    62
       Quarterstaff      |       |       |   111 |    27 |       ||   138
       Demon blade       |       |       |       |   422 |  1136 ||  1558
       Flail             |       |       |       |     6 |       ||     6
       Scimitar          |       |       |       |     9 |    44 ||    53
Throw: Dart              |       |     4 |       |     2 |     7 ||    13
 Cast: Apportation       |       |       |       |     1 |       ||     1
Invok: Heroism           |       |       |       |    17 |    13 ||    30
Evoke: Wand              |       |       |       |     7 |     1 ||     8
  Use: Scroll            |       |       |     4 |     4 |     9 ||    17
 Stab: Sleeping          |       |       |       |     3 |     2 ||     5
       Distracted        |       |       |       |     1 |       ||     1
Armor: Scale mail        |    27 |    56 |    69 |   109 |    92 ||   353
       Plate armour      |       |       |       |       |   445 ||   445
Dodge: Dodged            |    24 |    61 |   101 |   166 |   370 ||   722
Block: Buckler           |    21 |    49 |       |       |       ||    70
       Kite shield       |       |       |       |   228 |   623 ||   851

Levels and vault maps discovered:
D:1:      tarquinn_simple_flora_water_a, layout_basic,
          shapermc_ecumenical_altar_venn, minmay_tetromino_l4
D:2:      layout_basic, basic_altar
D:3:      layout_basic
D:4:      layout_basic, grunt_gozag_breadcrumbs, uniq_edmund
D:5:      layout_rooms, uniq_crazy_yiuf_cottage
D:6:      layout_cave_pools, minmay_temple_entry_drinking_statues,
          serial_undead, serial_undead_c, serial_undead_f, serial_undead_b,
          serial_undead_e, grunt_ministairs_14, kb_lookout_dungeons_type,
          kennysheep_small_square
D:7:      layout_gridville, minmay_checkerbox
D:8:      layout_loops_ring
D:9:      layout_basic, david_lair_generic, david_orc_3, minmay_statues_item,
          bh_circular_ruins
D:10:     layout_rooms, corner_web_ring, serial_park_tiny_1, nrook_campfire,
          lightli_corner_chamber
D:11:     layout_basic, led_xom_imps, uniq_snorg
Temple:   mainiacjoe_temple_circle_huts
Lair:1:   layout_roguey, beast_lair_carwin_9, lemuel_fruit_fields,
          lemuel_fruit_tree, uniq_gastronok
Lair:2:   layout_small_grid, grunt_megastairs_3
Lair:3:   layout_roguey, nicolae_spider_entry_orb_guardian, special_room
          [special_room_bee], grunt_megastairs_4
Lair:4:   layout_misc_corridors, minmay_shoals_entry_hut,
          portal_ice_cave_demonic_guard, eino_house_with_fridge,
          grunt_megastairs_2, uniq_kirke
Lair:5:   layout_cave_pods, infiniplex_staircase_pool_2
Lair:6:   evilmike_catoblepas_cave, layout_hall_layers, slime_altar_1,
          gauntlet_entry_generic, lemuel_oklob_altar
Orc:1:    layout_caves, serial_shops, shop, basic_altar, nicolae_orc_lava_room
Orc:2:    grunt_orc_tribal_feast, layout_diamond_mine, serial_shops,
          nicolae_square_shop, shop_statue, nicolae_square_shop,
          nicolae_diamond_shop, mines1_david

Notes
Turn   | Place    | Note
-------+----------+-------------------------------------------
     0 | D:1      | sanka the Gnoll Fighter began the quest for the Orb.
     0 | D:1      | Reached XP level 1. HP: 23/23 MP: 1/1
   181 | D:1      | Reached XP level 2. HP: 29/29 MP: 2/2
   474 | D:1      | Found a faded altar of an unknown god.
   563 | D:1      | Reached XP level 3. HP: 34/35 MP: 3/3
  1403 | D:2      | Reached skill level 1 in Invocations
  1431 | D:2      | Reached skill level 1 in Short Blades
  1431 | D:2      | Reached skill level 1 in Axes
  1431 | D:2      | Reached skill level 1 in Maces & Flails
  1431 | D:2      | Reached skill level 1 in Polearms
  1431 | D:2      | Reached skill level 1 in Staves
  1431 | D:2      | Reached skill level 1 in Slings
  1431 | D:2      | Reached skill level 1 in Bows
  1431 | D:2      | Reached skill level 1 in Crossbows
  1431 | D:2      | Reached skill level 1 in Throwing
  1431 | D:2      | Reached skill level 1 in Dodging
  1431 | D:2      | Reached skill level 1 in Stealth
  1431 | D:2      | Reached skill level 1 in Unarmed Combat
  1431 | D:2      | Reached skill level 1 in Spellcasting
  1431 | D:2      | Reached skill level 1 in Evocations
  1439 | D:2      | Reached XP level 4. HP: 38/41 MP: 5/5
  1506 | D:2      | Found a hazy altar of Hepliaklqana.
  1844 | D:3      | Reached skill level 1 in Conjurations
  1844 | D:3      | Reached skill level 1 in Hexes
  1844 | D:3      | Reached skill level 1 in Summonings
  1844 | D:3      | Reached skill level 1 in Necromancy
  1844 | D:3      | Reached skill level 1 in Translocations
  1844 | D:3      | Reached skill level 1 in Transmutations
  1844 | D:3      | Reached skill level 1 in Fire Magic
  1844 | D:3      | Reached skill level 1 in Ice Magic
  1844 | D:3      | Reached skill level 1 in Air Magic
  1844 | D:3      | Reached skill level 1 in Earth Magic
  1844 | D:3      | Reached skill level 1 in Poison Magic
  2654 | D:4      | Reached XP level 5. HP: 42/47 MP: 6/6
  2952 | D:4      | Found an opulent altar of Gozag.
  3033 | D:4      | Noticed an ogre
  3042 | D:4      | Killed an ogre
  3043 | D:4      | Reached skill level 2 in Invocations
  3043 | D:4      | Reached XP level 6. HP: 46/53 MP: 8/8
  3118 | D:4      | Reached skill level 5 in Long Blades
  3182 | D:4      | Reached skill level 2 in Short Blades
  3182 | D:4      | Reached skill level 2 in Axes
  3182 | D:4      | Reached skill level 2 in Maces & Flails
  3182 | D:4      | Reached skill level 2 in Polearms
  3182 | D:4      | Reached skill level 2 in Staves
  3182 | D:4      | Reached skill level 2 in Slings
  3182 | D:4      | Reached skill level 2 in Bows
  3182 | D:4      | Reached skill level 2 in Crossbows
  3182 | D:4      | Reached skill level 2 in Throwing
  3182 | D:4      | Reached skill level 2 in Dodging
  3182 | D:4      | Reached skill level 2 in Stealth
  3182 | D:4      | Reached skill level 2 in Unarmed Combat
  3182 | D:4      | Reached skill level 2 in Spellcasting
  3182 | D:4      | Reached skill level 2 in Evocations
  3350 | D:4      | Noticed Edmund
  3375 | D:4      | HP: 1/53 [Edmund (10)]
  3429 | D:4      | Killed Edmund
  3430 | D:4      | Reached XP level 7. HP: 35/59 MP: 10/10
  3617 | D:5      | Entered Level 5 of the Dungeon
  3629 | D:5      | Reached skill level 7 in Fighting
  3629 | D:5      | Reached skill level 7 in Armour
  3629 | D:5      | Reached skill level 7 in Shields
  3629 | D:5      | Reached skill level 2 in Conjurations
  3629 | D:5      | Reached skill level 2 in Hexes
  3629 | D:5      | Reached skill level 2 in Summonings
  3629 | D:5      | Reached skill level 2 in Necromancy
  3629 | D:5      | Reached skill level 2 in Translocations
  3629 | D:5      | Reached skill level 2 in Transmutations
  3629 | D:5      | Reached skill level 2 in Fire Magic
  3629 | D:5      | Reached skill level 2 in Ice Magic
  3629 | D:5      | Reached skill level 2 in Air Magic
  3629 | D:5      | Reached skill level 2 in Earth Magic
  3629 | D:5      | Reached skill level 2 in Poison Magic
  3695 | D:5      | Reached skill level 3 in Invocations
  3798 | D:5      | Found a runed translucent door.
  3799 | D:5      | Noticed Crazy Yiuf
  3842 | D:5      | Reached XP level 8. HP: 62/67 MP: 12/12
  3865 | D:5      | Reached skill level 3 in Short Blades
  3865 | D:5      | Reached skill level 3 in Axes
  3865 | D:5      | Reached skill level 3 in Maces & Flails
  3865 | D:5      | Reached skill level 3 in Polearms
  3865 | D:5      | Reached skill level 3 in Staves
  3865 | D:5      | Reached skill level 3 in Slings
  3865 | D:5      | Reached skill level 3 in Bows
  3865 | D:5      | Reached skill level 3 in Crossbows
  3865 | D:5      | Reached skill level 3 in Throwing
  3865 | D:5      | Reached skill level 3 in Dodging
  3865 | D:5      | Reached skill level 3 in Stealth
  3865 | D:5      | Reached skill level 3 in Unarmed Combat
  3865 | D:5      | Reached skill level 3 in Spellcasting
  3865 | D:5      | Reached skill level 3 in Evocations
  3918 | D:5      | Killed Crazy Yiuf
  3924 | D:5      | Identified the +3 mace of Jades {venom, *Slow rElec rF+}
  4424 | D:6      | Reached skill level 3 in Conjurations
  4424 | D:6      | Reached skill level 3 in Hexes
  4424 | D:6      | Reached skill level 3 in Summonings
  4424 | D:6      | Reached skill level 3 in Necromancy
  4424 | D:6      | Reached skill level 3 in Translocations
  4424 | D:6      | Reached skill level 3 in Transmutations
  4424 | D:6      | Reached skill level 3 in Fire Magic
  4424 | D:6      | Reached skill level 3 in Ice Magic
  4424 | D:6      | Reached skill level 3 in Air Magic
  4424 | D:6      | Reached skill level 3 in Earth Magic
  4424 | D:6      | Reached skill level 3 in Poison Magic
  4424 | D:6      | Reached skill level 4 in Invocations
  4539 | D:6      | Reached skill level 6 in Long Blades
  4560 | D:6      | Reached XP level 9. HP: 69/72 MP: 14/14
  4625 | D:6      | Reached skill level 4 in Short Blades
  4625 | D:6      | Reached skill level 4 in Axes
  4625 | D:6      | Reached skill level 4 in Maces & Flails
  4625 | D:6      | Reached skill level 4 in Polearms
  4625 | D:6      | Reached skill level 4 in Staves
  4625 | D:6      | Reached skill level 4 in Slings
  4625 | D:6      | Reached skill level 4 in Bows
  4625 | D:6      | Reached skill level 4 in Crossbows
  4625 | D:6      | Reached skill level 4 in Throwing
  4625 | D:6      | Reached skill level 4 in Dodging
  4625 | D:6      | Reached skill level 4 in Stealth
  4625 | D:6      | Reached skill level 4 in Unarmed Combat
  4625 | D:6      | Reached skill level 4 in Spellcasting
  4625 | D:6      | Reached skill level 4 in Evocations
  4641 | D:6      | Found a staircase to the Ecumenical Temple.
  4665 | Temple   | Entered the Ecumenical Temple
  5001 | Temple   | Became a worshipper of Warmaster Okawaru
  5446 | D:7      | Reached skill level 8 in Fighting
  5446 | D:7      | Reached skill level 8 in Armour
  5446 | D:7      | Reached skill level 8 in Shields
  5473 | D:7      | Reached * piety under Okawaru
  5474 | D:7      | Reached skill level 5 in Invocations
  6038 | D:7      | Reached skill level 4 in Conjurations
  6038 | D:7      | Reached skill level 4 in Hexes
  6038 | D:7      | Reached skill level 4 in Summonings
  6038 | D:7      | Reached skill level 4 in Necromancy
  6038 | D:7      | Reached skill level 4 in Translocations
  6038 | D:7      | Reached skill level 4 in Transmutations
  6038 | D:7      | Reached skill level 4 in Fire Magic
  6038 | D:7      | Reached skill level 4 in Ice Magic
  6038 | D:7      | Reached skill level 4 in Air Magic
  6038 | D:7      | Reached skill level 4 in Earth Magic
  6038 | D:7      | Reached skill level 4 in Poison Magic
  6038 | D:7      | Reached XP level 10. HP: 78/80 MP: 17/17
  6512 | D:8      | Reached ** piety under Okawaru
  6835 | D:8      | Noticed a centaur warrior
  6853 | D:8      | Killed a centaur warrior
  6854 | D:8      | Reached skill level 5 in Short Blades
  6854 | D:8      | Reached skill level 5 in Axes
  6854 | D:8      | Reached skill level 5 in Maces & Flails
  6854 | D:8      | Reached skill level 5 in Polearms
  6854 | D:8      | Reached skill level 5 in Staves
  6854 | D:8      | Reached skill level 5 in Slings
  6854 | D:8      | Reached skill level 5 in Bows
  6854 | D:8      | Reached skill level 5 in Crossbows
  6854 | D:8      | Reached skill level 5 in Throwing
  6854 | D:8      | Reached skill level 5 in Dodging
  6854 | D:8      | Reached skill level 5 in Stealth
  6854 | D:8      | Reached skill level 5 in Unarmed Combat
  6854 | D:8      | Reached skill level 5 in Spellcasting
  6854 | D:8      | Reached skill level 5 in Evocations
  6965 | D:8      | Reached skill level 7 in Long Blades
  7054 | D:8      | Identified 2 scrolls of acquirement
  7055 | D:8      | Acquired a +0 pair of boots of flying
  7062 | D:8      | Acquired a +4 demon blade of electrocution
  7154 | D:9      | Found a staircase to the Orcish Mines.
  7287 | D:9      | Reached skill level 6 in Invocations
  7290 | D:9      | Reached *** piety under Okawaru
  7296 | D:9      | Noticed a two-headed ogre
  7308 | D:9      | Killed a two-headed ogre
  7359 | D:9      | Found a staircase to the Lair.
  7359 | D:9      | Noticed an elephant
  7375 | D:9      | Killed an elephant
  7376 | D:9      | Reached XP level 11. HP: 86/87 MP: 17/19
  7391 | D:9      | Reached **** piety under Okawaru
  7651 | D:9      | Reached skill level 9 in Fighting
  7651 | D:9      | Reached skill level 9 in Armour
  7651 | D:9      | Reached skill level 9 in Shields
  8261 | D:9      | Learned a level 1 spell: Apportation
  8297 | D:10     | Entered Level 10 of the Dungeon
  8329 | D:10     | Noticed a six-headed hydra
  8341 | D:10     | Killed a six-headed hydra
  8342 | D:10     | Reached skill level 6 in Short Blades
  8342 | D:10     | Reached skill level 6 in Axes
  8342 | D:10     | Reached skill level 6 in Maces & Flails
  8342 | D:10     | Reached skill level 6 in Polearms
  8342 | D:10     | Reached skill level 6 in Staves
  8342 | D:10     | Reached skill level 6 in Slings
  8342 | D:10     | Reached skill level 6 in Bows
  8342 | D:10     | Reached skill level 6 in Crossbows
  8342 | D:10     | Reached skill level 6 in Throwing
  8342 | D:10     | Reached skill level 6 in Dodging
  8342 | D:10     | Reached skill level 6 in Stealth
  8342 | D:10     | Reached skill level 6 in Unarmed Combat
  8342 | D:10     | Reached skill level 6 in Spellcasting
  8342 | D:10     | Reached skill level 5 in Conjurations
  8342 | D:10     | Reached skill level 5 in Hexes
  8342 | D:10     | Reached skill level 5 in Summonings
  8342 | D:10     | Reached skill level 5 in Necromancy
  8342 | D:10     | Reached skill level 5 in Translocations
  8342 | D:10     | Reached skill level 5 in Transmutations
  8342 | D:10     | Reached skill level 5 in Fire Magic
  8342 | D:10     | Reached skill level 5 in Ice Magic
  8342 | D:10     | Reached skill level 5 in Air Magic
  8342 | D:10     | Reached skill level 5 in Earth Magic
  8342 | D:10     | Reached skill level 5 in Poison Magic
  8342 | D:10     | Reached skill level 6 in Evocations
  8392 | D:10     | Noticed a two-headed ogre
  8402 | D:10     | Killed a two-headed ogre
  8402 | D:10     | Received a gift from Okawaru
  8614 | D:10     | Noticed a centaur warrior
  8629 | D:10     | Killed a centaur warrior
  8665 | D:10     | Noticed a boulder beetle
  8746 | D:10     | Reached ***** piety under Okawaru
  8747 | D:10     | Reached skill level 7 in Invocations
  8773 | D:10     | Reached skill level 8 in Long Blades
  9012 | D:10     | Killed a boulder beetle
  9018 | D:10     | Received a gift from Okawaru
  9383 | D:11     | Noticed Snorg
  9394 | D:11     | Killed Snorg
  9395 | D:11     | Reached XP level 12. HP: 96/96 MP: 20/22
  9697 | D:11     | Found a shimmering altar of Xom.
  9889 | D:11     | Reached skill level 7 in Short Blades
  9889 | D:11     | Reached skill level 7 in Axes
  9889 | D:11     | Reached skill level 7 in Maces & Flails
  9889 | D:11     | Reached skill level 7 in Polearms
  9889 | D:11     | Reached skill level 7 in Staves
  9889 | D:11     | Reached skill level 7 in Slings
  9889 | D:11     | Reached skill level 7 in Bows
  9889 | D:11     | Reached skill level 7 in Crossbows
  9889 | D:11     | Reached skill level 7 in Throwing
  9889 | D:11     | Reached skill level 7 in Dodging
  9889 | D:11     | Reached skill level 7 in Stealth
  9889 | D:11     | Reached skill level 7 in Unarmed Combat
  9889 | D:11     | Reached skill level 7 in Spellcasting
  9889 | D:11     | Reached skill level 7 in Evocations
 10151 | Lair:1   | Entered Level 1 of the Lair of Beasts
 10215 | Lair:1   | Identified the +1 robe of Impatience {Dex+3}
 10392 | Lair:1   | Noticed Gastronok
 10404 | Lair:1   | Killed Gastronok
 10405 | Lair:1   | Reached skill level 6 in Conjurations
 10405 | Lair:1   | Reached skill level 6 in Hexes
 10405 | Lair:1   | Reached skill level 6 in Summonings
 10405 | Lair:1   | Reached skill level 6 in Necromancy
 10405 | Lair:1   | Reached skill level 6 in Translocations
 10405 | Lair:1   | Reached skill level 6 in Transmutations
 10405 | Lair:1   | Reached skill level 6 in Fire Magic
 10405 | Lair:1   | Reached skill level 6 in Ice Magic
 10405 | Lair:1   | Reached skill level 6 in Air Magic
 10405 | Lair:1   | Reached skill level 6 in Earth Magic
 10405 | Lair:1   | Reached skill level 6 in Poison Magic
 10675 | Lair:1   | Reached skill level 8 in Invocations
 10844 | Lair:2   | Received a gift from Okawaru
 10852 | Lair:2   | Reached skill level 10 in Fighting
 10852 | Lair:2   | Reached skill level 10 in Armour
 10852 | Lair:2   | Reached skill level 10 in Shields
 10918 | Lair:2   | Noticed a catoblepas
 10931 | Lair:2   | Killed a catoblepas
 10931 | Lair:2   | Received a gift from Okawaru
 10931 | Lair:2   | Found the +7 pair of quick blades "Gyre" and "Gimble"
                  | {protect}
 11053 | Lair:2   | Noticed a six-headed hydra
 11060 | Lair:2   | Killed a two-headed hydra
 11111 | Lair:2   | Noticed a four-headed hydra
 11120 | Lair:2   | Killed a one-headed hydra
 11121 | Lair:2   | Reached skill level 9 in Long Blades
 11265 | Lair:2   | Noticed a death yak
 11265 | Lair:2   | Noticed a death yak
 11265 | Lair:2   | Noticed a death yak
 11268 | Lair:2   | Noticed a death yak
 11312 | Lair:2   | Killed a death yak
 11329 | Lair:2   | Killed a death yak
 11330 | Lair:2   | Reached XP level 13. HP: 84/103 MP: 24/24
 11387 | Lair:2   | Reached skill level 8 in Short Blades
 11387 | Lair:2   | Reached skill level 8 in Axes
 11387 | Lair:2   | Reached skill level 8 in Maces & Flails
 11387 | Lair:2   | Reached skill level 8 in Polearms
 11387 | Lair:2   | Reached skill level 8 in Staves
 11387 | Lair:2   | Reached skill level 8 in Slings
 11387 | Lair:2   | Reached skill level 8 in Bows
 11387 | Lair:2   | Reached skill level 8 in Crossbows
 11387 | Lair:2   | Reached skill level 8 in Throwing
 11387 | Lair:2   | Reached skill level 8 in Dodging
 11387 | Lair:2   | Reached skill level 8 in Stealth
 11387 | Lair:2   | Reached skill level 8 in Unarmed Combat
 11387 | Lair:2   | Reached skill level 8 in Spellcasting
 11387 | Lair:2   | Reached skill level 8 in Evocations
 11474 | Lair:2   | Reached ****** piety under Okawaru
 12184 | Lair:3   | Found a hole to the Spider Nest.
 12194 | Lair:3   | Identified the +6 long sword of Irchuff {holy, rElec rF+
                  | Int+4 Stlth+} (Okawaru gifted it to you on level 3 of the
                  | Lair of Beasts)
 12194 | Lair:3   | Received a gift from Okawaru
 12377 | Lair:3   | Reached skill level 9 in Invocations
 13089 | Lair:4   | Reached skill level 7 in Conjurations
 13089 | Lair:4   | Reached skill level 7 in Hexes
 13089 | Lair:4   | Reached skill level 7 in Summonings
 13089 | Lair:4   | Reached skill level 7 in Necromancy
 13089 | Lair:4   | Reached skill level 7 in Translocations
 13089 | Lair:4   | Reached skill level 7 in Transmutations
 13089 | Lair:4   | Reached skill level 7 in Fire Magic
 13089 | Lair:4   | Reached skill level 7 in Ice Magic
 13089 | Lair:4   | Reached skill level 7 in Air Magic
 13089 | Lair:4   | Reached skill level 7 in Earth Magic
 13089 | Lair:4   | Reached skill level 7 in Poison Magic
 13117 | Lair:6   | Entered Level 6 of the Lair of Beasts
 13163 | Lair:6   | HP: 10/104 [dream sheep (18)]
 13165 | Lair:6   | HP: 4/104 [rime drake/flash freeze (4)]
 13177 | Lair:6   | Found a gate leading to a gauntlet.
 13186 | Lair:6   | HP: 1/104 [death yak (17)]
 13187 | Gauntlet | Entered a Gauntlet
 13187 | Gauntlet | Found a transporter.
 13187 | Gauntlet | Found a transporter.
 13287 | Gauntlet | Found a transporter.
 13287 | Gauntlet | Found a transporter.
 13297 | Gauntlet | Found the amulet of the Four Winds {rN+ Will+++ Clar}
 13299 | Gauntlet | Found a transporter.
 13301 | Gauntlet | Found a transporter.
 13307 | Gauntlet | Found a transporter.
 13307 | Gauntlet | Found a transporter.
 13340 | Gauntlet | Found a transporter.
 13354 | Gauntlet | Found a transporter.
 13376 | Gauntlet | Found a transporter.
 13386 | Gauntlet | Found a transporter.
 13431 | Gauntlet | Found a transporter.
 13442 | Gauntlet | Noticed an ice dragon
 13445 | Gauntlet | Noticed a fire dragon
 13445 | Gauntlet | an ice dragon changed into a fire dragon
 13447 | Gauntlet | Noticed a spark wasp
 13447 | Gauntlet | a fire dragon changed into a spark wasp
 13449 | Gauntlet | Found a transporter.
 13449 | Gauntlet | a spark wasp changed into an anaconda
 13450 | Gauntlet | Noticed a bunyip
 13450 | Gauntlet | an anaconda changed into a bunyip
 13451 | Gauntlet | a bunyip changed into something unseen
 13475 | Gauntlet | Noticed an azure jelly
 13477 | Gauntlet | Noticed an eleionoma
 13477 | Gauntlet | an azure jelly changed into an eleionoma
 13479 | Gauntlet | Noticed a sphinx
 13479 | Gauntlet | an eleionoma changed into a sphinx
 13482 | Gauntlet | a sphinx changed into a death yak
 13491 | Gauntlet | Noticed a green draconian
 13493 | Gauntlet | a green draconian changed into a catoblepas
 13496 | Gauntlet | Noticed an entropy weaver
 13496 | Gauntlet | a catoblepas changed into an entropy weaver
 13497 | Gauntlet | an entropy weaver changed into something unseen
 13500 | Gauntlet | Noticed a great orb of eyes
 13504 | Gauntlet | Noticed a quicksilver ooze
 13504 | Gauntlet | a great orb of eyes changed into a quicksilver ooze
 13545 | Gauntlet | Found a transporter.
 13559 | Gauntlet | Found a transporter.
 13726 | Gauntlet | Identified the amulet of Sloth {Faith Harm Int-5 Dex+2
                  | SInv}
 13805 | Gauntlet | Identified the +9 shortbow "Wunytado" {vorpal, Int+3}
 13805 | Gauntlet | Noticed a minotaur
 13816 | Gauntlet | Killed a minotaur
 13816 | Gauntlet | Received a gift from Okawaru
 13824 | Gauntlet | Identified +2 fire dragon scales
 13824 | Gauntlet | Identified the +3 spear "Liwner" {flame, rF+ Str+7}
 13824 | Gauntlet | Identified the +0 chain mail "Jiwownerr" {rN+++ rCorr
                  | Str-2}
 13871 | Lair:5   | Received a gift from Okawaru
 13987 | Lair:4   | Upgraded the game from 0.28-a0-1235-g7c8fac35f0 to
                  | 0.28-a0-1236-gb25a51b929
 14139 | Lair:4   | Reached skill level 11 in Fighting
 14139 | Lair:4   | Reached skill level 10 in Long Blades
 14139 | Lair:4   | Reached skill level 11 in Armour
 14139 | Lair:4   | Reached skill level 11 in Shields
 14139 | Lair:4   | Reached XP level 14. HP: 113/113 MP: 26/26
 14147 | Lair:4   | Noticed Kirke
 14160 | Lair:4   | Killed Kirke
 14160 | Lair:4   | Received a gift from Okawaru
 14391 | Lair:4   | Reached skill level 9 in Short Blades
 14391 | Lair:4   | Reached skill level 9 in Axes
 14391 | Lair:4   | Reached skill level 9 in Maces & Flails
 14391 | Lair:4   | Reached skill level 9 in Polearms
 14391 | Lair:4   | Reached skill level 9 in Staves
 14391 | Lair:4   | Reached skill level 9 in Slings
 14391 | Lair:4   | Reached skill level 9 in Bows
 14391 | Lair:4   | Reached skill level 9 in Crossbows
 14391 | Lair:4   | Reached skill level 9 in Throwing
 14391 | Lair:4   | Reached skill level 9 in Dodging
 14391 | Lair:4   | Reached skill level 9 in Stealth
 14391 | Lair:4   | Reached skill level 9 in Unarmed Combat
 14391 | Lair:4   | Reached skill level 9 in Spellcasting
 14391 | Lair:4   | Reached skill level 9 in Evocations
 14622 | Lair:4   | Found a staircase to the Shoals.
 15232 | Lair:5   | Reached skill level 10 in Invocations
 15940 | Lair:6   | Found a viscous altar of Jiyva.
 15940 | Lair:6   | Found a staircase to the Slime Pits.
 16197 | Lair:6   | Received a gift from Okawaru
 16282 | Lair:6   | Reached skill level 8 in Conjurations
 16282 | Lair:6   | Reached skill level 8 in Hexes
 16282 | Lair:6   | Reached skill level 8 in Summonings
 16282 | Lair:6   | Reached skill level 8 in Necromancy
 16282 | Lair:6   | Reached skill level 8 in Translocations
 16282 | Lair:6   | Reached skill level 8 in Transmutations
 16282 | Lair:6   | Reached skill level 8 in Fire Magic
 16282 | Lair:6   | Reached skill level 8 in Ice Magic
 16282 | Lair:6   | Reached skill level 8 in Air Magic
 16282 | Lair:6   | Reached skill level 8 in Earth Magic
 16282 | Lair:6   | Reached skill level 8 in Poison Magic
 16376 | Lair:6   | Found a white marble altar of Elyvilon.
 17034 | Lair:6   | Reached XP level 15. HP: 119/120 MP: 28/28
 17641 | Lair:6   | Reached skill level 10 in Short Blades
 17641 | Lair:6   | Reached skill level 11 in Long Blades
 17641 | Lair:6   | Reached skill level 10 in Axes
 17641 | Lair:6   | Reached skill level 10 in Maces & Flails
 17641 | Lair:6   | Reached skill level 10 in Polearms
 17641 | Lair:6   | Reached skill level 10 in Staves
 17641 | Lair:6   | Reached skill level 10 in Slings
 17641 | Lair:6   | Reached skill level 10 in Bows
 17641 | Lair:6   | Reached skill level 10 in Crossbows
 17641 | Lair:6   | Reached skill level 10 in Throwing
 17641 | Lair:6   | Reached skill level 10 in Dodging
 17641 | Lair:6   | Reached skill level 10 in Stealth
 17641 | Lair:6   | Reached skill level 10 in Unarmed Combat
 17641 | Lair:6   | Reached skill level 10 in Spellcasting
 17641 | Lair:6   | Reached skill level 10 in Evocations
 17818 | Orc:1    | Entered Level 1 of the Orcish Mines
 17989 | Orc:1    | Received a gift from Okawaru
 18000 | Orc:1    | Paralysed by an orc sorcerer for 3 turns
 18120 | Orc:1    | Found Eginwamui's Antique Weapon Shop.
 18325 | Orc:2    | Entered Level 2 of the Orcish Mines
 18335 | Orc:2    | Found Nejan's Antique Armour Emporium.
 18494 | Orc:2    | Noticed an orc warlord
 18499 | Orc:2    | Reached skill level 11 in Invocations
 18514 | Orc:2    | Reached skill level 12 in Fighting
 18514 | Orc:2    | Reached skill level 12 in Armour
 18514 | Orc:2    | Reached skill level 12 in Shields
 18531 | Orc:2    | Killed an orc warlord
 18581 | Orc:2    | Found a staircase to the Elven Halls.
 18656 | Orc:2    | Found Vylirghupn's Antique Weapon Shop.
 18940 | Orc:2    | Paralysed by an orc sorcerer for 7 turns
 18955 | Orc:2    | HP: 7/120 [orc knight (16)]
 18957 | Orc:2    | Mangled by an orc knight

Vanquished Creatures
  Gastronok (Lair:1)
  Kirke (Lair:4)
  An orc warlord (Orc:2)
  A minotaur (Gauntlet)
  Snorg (D:11)
  10 hydras
  3 two-headed ogres
  2 boulder beetles
  2 centaur warriors
  4 catoblepae
  20 death yaks
  4 orc high priests
  A lindwurm (Lair:6)
  A necromancer (Lair:4)
  An oklob plant (Lair:6)
  2 orc knights (Orc:2)
  An orb spider (Lair:3)
  5 orc sorcerers
  2 manticores (Lair:6)
  A moth of wrath (Gauntlet)
  9 elephants
  6 black mambas
  21 cane toads
  A gargoyle (D:10)
  2 rime drakes (Lair:6)
  4 komodo dragons
  A kobold demonologist (D:11)
  An efreet (D:10)
  2 ice devils (Lair:4)
  A queen bee (Lair:3)
  3 trolls
  A polar bear (Lair:2)
  23 blink frogs
  A snapping turtle (Lair:4)
  6 dream sheep
  4 redbacks (Gauntlet)
  3 shadows
  3 small abominations (Gauntlet)
  A vampire (D:10)
  2 wraiths
  5 wyverns
  5 hogs (Lair:4)
  2 steam dragons
  45 yaks
  3 wargs
  2 large abominations (Gauntlet)
  Edmund (D:4)
  An acid dragon (D:11)
  12 water moccasins
  2 sky beasts (D:5)
  19 orc warriors
  5 black bears
  3 hornet zombies
  An ice beast (D:8)
  7 ogres
  5 necrophages
  9 wolves
  5 centaurs
  A kobold brigand (D:9)
  14 bullfrogs
  A wyvern zombie (D:7)
  2 gnoll sergeants
  2 scorpions
  4 wights (D:10)
  17 killer bees (Lair:3)
  An electric eel (Lair:4)
  4 crimson imps (D:11)
  4 centaur zombies
  A jelly (D:5)
  2 bullfrog skeletons (D:6)
  5 hounds
  Crazy Yiuf (D:5)
  13 orc priests
  4 centaur skeletons
  A gnoll shaman (D:4)
  4 iguanas
  21 orc wizards
  2 yak simulacra (Lair:4)
  2 killer bee zombies
  5 wolf simulacra (Lair:4)
  2 human simulacra (D:9)
  A howler monkey zombie (D:9)
  7 adders
  15 gnolls
  A white imp (D:6)
  An ufetubus (D:6)
  An adder skeleton (D:4)
  3 dart slugs
  60 orcs
  6 ball pythons
  5 endoplasms
  6 goblins
  3 hobgoblins
  4 jackals (D:1)
  8 kobolds
  3 quokkas
  3 bats
  6 rats
  4 river rat simulacra (Lair:4)
  A bush (D:6)
542 creatures vanquished.

Vanquished Creatures (others)
  A human (Lair:4)
  32 fungi
  32 plants
  3 withered plants (D:6)
68 creatures vanquished.

Grand Total: 610 creatures vanquished
